Map: Turbo Cruise '84 LE

Players

OGZest (Zest) - Winner!

  • Race: Protoss Protoss
  • Spawn Location: 3:00

Elazer

  • Race: Zerg Zerg
  • League: Master
  • Spawn Location: 7:00

Event: HomeStory Cup XIX

VOD

Have the link to the VOD?

Description

Time

  • Played on: June 30, 2019, 10:49 a.m.
  • Length: 25:40

All games in this series

Show
View Real Time Build Order
Export as new Build Order

OGZest Protoss - Winner!

Build Orders: 1 Gate Expand, Oracle Opening, Archon Immortal 

Get SALT Encoding   

  12  0:00  Probe  
  13  0:12  Probe  
  14  0:18  Pylon  
  14  0:24  Probe  
  15  0:32  Probe  
  15  0:39  Gateway  
  15  0:41  Probe  
  16  0:49  Assimilator  
  17  0:51  Probe  
  18  1:03  Probe  
  19  1:15  Probe  
  20  1:26  Cybernetics Core  
  20  1:35  Nexus  
  20  1:39  Probe  
  21  1:46  Pylon  
  21  1:51  Probe  
  21  1:53  Assimilator  
  22  1:54  Adept  
  22  2:03  Probe  
  25  2:14  Adept  
  25  2:15  Probe  
  26  2:27  Probe  
  29  2:30  Stargate  
  29  2:39  Probe  
  29  2:40  Warp Gate  
  30  2:50  Stalker  
  32  2:51  Probe  
  32  2:52  Probe  
  34  3:03  Probe  
  34  3:04  Probe  
  36  3:06  Oracle  
  36  3:15  Probe  
  36  3:16  Probe  
  39  3:28  Probe x2  
  39  3:29  Assimilator  
  39  3:30  Pylon  
  39  3:33  Assimilator, Oracle  
  41  3:38  Gateway  
  41  3:40  Probe x2  
  46  3:49  Probe  
  46  3:52  Probe  
  48  3:58  Probe  
  48  4:01  Robotics Facility  
  49  4:04  Probe  
  49  4:05  Pylon  
  49  4:09  Probe  
  50  4:15  Gateway  
  51  4:17  Gateway  
  51  4:30  Gateway  
  51  4:31  Gateway  
  51  4:33  Sentry x2  
  51  4:36  Gateway, Pylon  
  55  4:41  Warp Prism  
  55  4:59  Sentry x2  
  61  5:01  Pylon  
  61  5:03  Gateway  
  61  5:07  Pylon  
  61  5:09  Gateway  
  61  5:12  Observer  
  62  5:25  Pylon  
  62  5:34  Stalker x5  
  62  5:35  Zealot x2  
  76  5:57  Stalker x4, Zealot x2  
  86  6:25  Stalker x5, Zealot x2  
  92  6:27  Warp Prism  
  78  6:53  Immortal  
  78  7:01  Sentry x2, Zealot x2  
  78  7:02  Zealot x2  
  94  7:19  Forge, Twilight Council  
  94  7:21  Assimilator, Pylon  
  94  7:23  Pylon  
  94  7:24  Pylon  
  94  7:27  Immortal  
  94  7:28  Pylon  
  94  7:39  Probe x2  
  100  7:52  Probe x2  
  100  7:57  Protoss Ground Weapons Level 1  
  102  8:01  Nexus  
  102  8:04  Probe x2, Pylon  
  104  8:11  Charge  
  104  8:13  Immortal  
  104  8:17  Templar Archives  
  108  8:33  Pylon  
  108  8:43  Probe x2  
  110  8:49  Immortal  
  110  8:51  Photon Cannon  
  110  8:52  Pylon  
  110  8:55  Probe x2  
  116  9:03  Assimilator  
  116  9:04  Assimilator  
  116  9:05  High Templar x2  
  120  9:13  Archon  
  120  9:18  Photon Cannon  
  120  9:21  Photon Cannon, High Templar x2  
  120  9:23  Immortal  
  124  9:26  Probe x2  
  124  9:28  Probe  
  131  9:40  Blink  
  131  9:45  Archon  
  131  9:51  Pylon  
  131  9:56  Protoss Ground Armor Level 1  
  131  10:02  Immortal  
  135  10:11  Dark Shrine  
  125  10:33  Stalker x9  
  135  11:01  Sentry x5, Zealot  
  135  11:02  Zealot x3  
  133  11:11  Immortal  
  121  11:25  Stalker  
  121  11:26  Stalker x5  
  121  11:28  Stalker  
  135  11:47  Stalker x2  
  124  12:03  Stalker  
  124  12:09  Nexus  
  124  12:12  Dark Templar  
  124  12:13  Zealot x2, Dark Templar x3  
  136  12:19  Stalker  
  138  12:27  Stalker  
  136  12:33  Immortal  
  136  13:06  Protoss Ground Weapons Level 2  
  132  13:13  Observer  
  133  13:20  Dark Templar  
  133  13:21  Dark Templar  
  133  13:25  Stalker x2  
  84  14:03  Stalker x7  
  96  14:37  Dark Templar  
  98  14:49  Immortal  
  98  14:59  Zealot x5  
  112  15:00  Zealot x3  
  112  15:06  Probe x2  
  121  15:07  Probe  
  121  15:26  Zealot  
  123  15:35  Stalker x6  
  135  15:39  Dark Templar x2  
  133  16:06  Zealot x2  
  133  16:07  Zealot x5  
  147  16:18  Dark Templar x2  
  89  16:59  Nexus  
  67  17:13  Dark Templar  
  65  17:22  Observer  
  56  18:23  Stalker x4  
  56  18:24  Stalker x3  
  70  18:37  Observer  
  64  19:26  Stalker x6  
  63  20:14  Dark Templar  
  63  20:19  Observer  
  65  20:27  Observer  
  65  20:36  Dark Templar  
  59  22:07  Nexus  
  57  22:30  Dark Templar  
  51  23:52  Observer  
  51  23:59  Observer  
  49  24:03  Stalker  
  49  24:04  Stalker x4  
  60  24:10  Assimilator  
  60  24:11  Assimilator  
  60  24:34  Observer  
  60  24:43  Stalker x4  
  65  25:10  Stalker  
Show
View Real Time Build Order
Export as new Build Order

Elazer Zerg 

Build Orders: Hatch First, Swarm Host 

Get SALT Encoding   

  12  0:00  Drone  
  13  0:12  Overlord  
  13  0:17  Drone  
  14  0:30  Drone  
  15  0:45  Hatchery  
  15  0:48  Drone  
  15  0:52  Drone  
  15  0:57  Drone  
  17  1:02  Drone  
  18  1:10  Extractor  
  17  1:17  Spawning Pool  
  16  1:20  Drone  
  16  1:24  Drone  
  18  1:31  Drone  
  19  1:44  Drone  
  20  1:53  Drone  
  21  2:03  Queen x2  
  21  2:04  Zergling x2  
  21  2:05  Overlord  
  26  2:13  Drone  
  26  2:15  Zergling x2  
  28  2:23  Drone  
  28  2:25  Drone  
  30  2:33  Zergling x2  
  30  2:36  Hatchery  
  30  2:40  Drone  
  30  2:42  Drone  
  32  2:48  Overlord  
  32  2:52  Drone  
  33  3:00  Metabolic Boost  
  33  3:02  Drone x2  
  35  3:05  Queen  
  35  3:11  Zergling x2  
  37  3:15  Drone x3  
  37  3:16  Drone  
  40  3:22  Drone x2  
  40  3:28  Drone, Overlord  
  40  3:33  Drone  
  42  3:35  Drone  
  42  3:37  Spore Crawler  
  42  3:45  Overlord  
  42  3:46  Queen, Extractor  
  42  3:47  Drone  
  45  3:48  Drone  
  45  3:52  Drone x3  
  49  3:56  Drone  
  49  3:58  Spore Crawler  
  49  4:02  Overlord, Spore Crawler  
  48  4:07  Queen  
  48  4:09  Drone  
  51  4:11  Drone  
  51  4:13  Drone x2  
  51  4:15  Drone  
  55  4:17  Drone  
  55  4:19  Drone  
  55  4:21  Drone  
  55  4:24  Drone x2  
  60  4:25  Extractor  
  60  4:26  Drone, Extractor  
  60  4:28  Drone  
  60  4:34  Roach Warren  
  59  4:38  Overlord  
  59  4:41  Drone x4  
  59  4:44  Drone  
  61  4:50  Queen  
  61  4:52  Drone x3  
  62  4:58  Drone x4  
  66  5:08  Drone x6  
  72  5:16  Drone, Overlord  
  72  5:21  Overlord  
  73  5:22  Lair  
  73  5:23  Extractor  
  73  5:25  Extractor  
  73  5:28  Drone, Overlord  
  72  5:32  Overlord  
  72  5:35  Roach x4  
  80  5:38  Spine Crawler  
  80  5:40  Roach  
  80  5:42  Roach x2  
  87  5:46  Roach x2  
  91  5:50  Roach x3  
  91  5:52  Overlord  
  91  5:55  Overlord  
  97  6:01  Ravager x3  
  97  6:02  Ravager  
  101  6:06  Overlord  
  101  6:11  Overlord x2  
  97  6:13  Overlord  
  93  6:25  Roach x3  
  97  6:30  Roach x5  
  99  6:33  Roach x2  
  99  6:36  Roach  
  99  6:37  Roach  
  99  6:42  Roach x2  
  99  6:44  Queen  
  100  6:48  Roach  
  100  6:53  Overlord  
  94  6:55  Roach  
  94  7:01  Overlord  
  93  7:06  Drone x3  
  95  7:10  Overlord  
  95  7:11  Ravager  
  95  7:13  Overlord  
  92  7:24  Roach x2  
  96  7:30  Roach x2  
  96  7:34  Overlord  
  96  7:35  Drone x3  
  103  7:38  Extractor  
  103  7:39  Extractor  
  103  7:41  Roach x2  
  105  7:45  Drone x3  
  107  7:51  Drone x2  
  107  7:57  Drone x7  
  114  8:01  Drone  
  114  8:02  Drone  
  114  8:05  Drone  
  116  8:06  Evolution Chamber  
  116  8:11  Glial Reconstitution  
  116  8:12  Drone x3  
  118  8:16  Overlord  
  118  8:19  Drone x2  
  120  8:23  Drone  
  120  8:25  Drone x2  
  120  8:26  Extractor  
  121  8:31  Ravager x2  
  123  8:35  Zerg Missile Weapons Level 1  
  123  8:36  Roach x3  
  123  8:41  Roach x3  
  134  8:48  Infestation Pit  
  133  8:49  Roach x5  
  133  8:52  Overlord  
  133  8:54  Overseer  
  143  8:57  Hatchery  
  143  8:59  Roach x4  
  150  9:04  Overlord x2  
  150  9:15  Drone x2  
  150  9:16  Overlord  
  152  9:18  Roach x5  
  162  9:26  Swarm Host x3  
  162  9:29  Overlord, Swarm Host  
  174  9:34  Swarm Host x2  
  179  9:42  Swarm Host  
  179  9:43  Swarm Host  
  184  9:51  Roach x2  
  184  9:52  Roach x3  
  194  9:56  Ravager  
  194  9:59  Roach x2  
  199  10:21  Hatchery  
  194  10:28  Swarm Host x5  
  195  10:36  Swarm Host  
  195  10:41  Nydus Network  
  173  11:05  Roach x10  
  173  11:06  Roach  
  173  11:10  Swarm Host x3  
  180  11:15  Roach x2  
  172  11:26  Nydus Canal  
  172  11:28  Overseer  
  172  11:30  Roach x4  
  180  11:37  Drone x10  
  182  11:55  Nydus Canal  
  182  11:58  Roach x5  
  182  11:59  Roach x9  
  194  12:07  Roach x5  
  198  12:15  Ravager x2  
  193  12:25  Roach x8  
  200  12:31  Overseer x2  
  197  12:45  Overseer  
  191  12:52  Roach x4  
  199  12:59  Zerg Missile Weapons Level 2  
  199  13:22  Ravager  
  200  13:33  Pneumatized Carapace  
  200  13:34  Overseer  
  200  13:39  Overlord x2  
  200  13:48  Roach x8  
  185  13:52  Overlord x3  
  160  13:57  Roach x6  
  160  13:58  Queen x2  
  160  14:02  Roach  
  150  14:09  Roach  
  154  14:10  Roach  
  154  14:16  Queen  
  156  14:20  Roach x3  
  157  14:28  Roach x2  
  158  14:36  Roach x3  
  161  14:44  Roach x2  
  157  14:53  Roach x3  
  160  15:00  Roach  
  160  15:02  Ravager x2  
  160  15:05  Nydus Canal  
  164  15:14  Roach  
  164  15:15  Roach x3  
  166  15:29  Roach x5  
  166  15:30  Ravager x10  
  186  15:43  Ravager  
  186  15:44  Ravager  
  188  16:01  Hatchery  
  188  16:02  Nydus Canal  
  188  16:03  Roach  
  188  16:04  Roach x4  
  190  16:24  Roach x6  
  181  16:33  Roach x3  
  165  16:43  Roach x7  
  153  16:52  Roach  
  140  16:55  Roach  
  113  17:05  Roach x2  
  111  17:13  Roach  
  111  17:18  Ravager x2  
  113  17:24  Ravager x3  
  113  17:25  Ravager  
  113  17:28  Ravager x2  
  119  17:32  Ravager  
  119  17:33  Ravager x2  
  119  17:34  Ravager  
  121  17:49  Roach x3  
  127  17:57  Roach x2  
  131  18:02  Roach  
  133  18:12  Roach x2  
  134  18:17  Overseer  
  134  18:18  Overseer  
  134  18:27  Roach x2  
  135  18:39  Roach x3  
  136  18:48  Ravager x2  
  137  18:54  Roach x2  
  136  18:56  Ravager  
  134  19:08  Roach  
  136  19:28  Overlord x3  
  132  19:49  Roach x3  
  138  19:55  Overseer  
  132  20:11  Roach x2  
  132  20:21  Roach  
  122  20:44  Overseer  
  122  20:46  Overseer  
  115  21:16  Roach  
  97  22:49  Hatchery  
  96  23:06  Drone  
  95  23:13  Drone  
  85  23:43  Drone  
  81  24:04  Ravager  
  81  24:08  Ravager  
  83  24:17  Overseer  
  83  24:25  Roach  
  78  24:59  Ravager  
  79  25:01  Drone x2  
Tags
 
Add a new tag
Caveats
  • Supply blocks, unpowered buildings, or Contaminate may cause inaccurate times.
  • Supply counts are checked every 10 seconds.